 Dungeon Crawl Stone Soup version 0.30.1-1-g62c8e00024 (webtiles) character file.

Game seed: 13922358594424826695

242 Wiggles the Chopper (level 5, 0/46 HPs)
             Began as a Minotaur Berserker on July 17, 2023.
             Was a Believer of Trog.
             Succumbed to a gnoll's poison
             ... on level 2 of the Dungeon.
             The game lasted 00:02:53 (1353 turns).

Wiggles the Chopper (Minotaur Berserker)            Turns: 1353, Time: 00:02:53

Health: 0/46       AC:  8    Str: 23 (24) XL:     5   Next: 82%
Magic:  4/4        EV:  8    Int:  1 (4)  God:    Trog [**....]
Gold:   95         SH:  0    Dex:  7 (9)  Spells: 4/4 levels left

rFire   . . .        a - +0 hand axe
rCold   . . .        (no shield)
rNeg    . . .        d - +0 chain mail
rPois   .            (helmet restricted)
rElec   .            (no cloak)
rCorr   .            (no gloves)
SInv    .            (no boots)
Will    .....        (no amulet) Stlth
                     (no ring)
HPRegen 0.27/turn    (no ring)
MPRegen 0.09/turn

%: no passive effects
@: lethally poisoned (0 -> -1), attractive, flying, hasted, very quick
A: horns 2, retaliatory headbutt
a: Renounce Religion, Berserk, Trog's Hand


You were on level 2 of the Dungeon.
You worshipped Trog.
Trog was pleased with you.
You visited 1 branch of the dungeon, and saw 2 of its levels.

You collected 95 gold pieces.

Inventory:

Hand Weapons
 a - a +0 hand axe (weapon)
Missiles
 h - a poisoned dart (quivered)
Armour
 d - a +0 chain mail (worn)
Scrolls
 b - 4 scrolls of identify {unknown}


   Skills:
 - Level 3.8 Fighting
 + Level 7.7 Axes
 + Level 0.7 Throwing
 - Level 2.5 Armour
 - Level 2.2 Dodging


You had 4 spell levels left.
You didn't know any spells.
Your spell library was empty.

Dungeon Overview and Level Annotations

Branches:
Dungeon (2/15)

Altars:


Innate Abilities, Weirdness & Mutations

You have a pair of horns on your head.
You reflexively headbutt those who attack you in melee.


Message History

The gnoll closely misses you.
You hit the gnoll but do no damage. You headbutt the gnoll!
You kill the gnoll!
Trog accepts your kill.
* * * LOW HITPOINT WARNING * * *
You feel very sick.
* * * LOW HITPOINT WARNING * * *
You feel very sick.
Things that are here:
a +2 whip of venom; a gnoll corpse
* * * LOW HITPOINT WARNING * * *
You feel very sick.
It was a potion of haste.
You feel yourself speed up.
* * * LOW HITPOINT WARNING * * *
You feel sick.
It was a potion of degeneration.
There was something very wrong with that liquid.
You feel weakened.
You feel dopey.
You feel clumsy.
* * * LOW HITPOINT WARNING * * *
You feel sick.
It was a potion of attraction.
You feel attractive to monsters.
* * * LOW HITPOINT WARNING * * *
You feel sick.
It was a potion of flight.
You feel very buoyant.
You fly up into the air.
* * * LOW HITPOINT WARNING * * *
You feel sick.
There is a lethal amount of poison in your body!
* * * LOW HITPOINT WARNING * * *
You feel sick.
Things that are here:
a +2 whip of venom; a gnoll corpse
* * * LOW HITPOINT WARNING * * *
You feel sick.
* * * LOW HITPOINT WARNING * * *
You feel sick.
You see here 2 poisoned darts.
You die...

#.# #.# #....# #.#
#....# #.# #....# #.#
#....# #.# #....# #
#.# ###############.#
#.###.....))........#
#..........)..(.@...#
..###################
#.# #....# #.# #....#
#.# #....# #.# #....#
#.. #....# ##. #....#
#


There were no monsters in sight!

Vanquished Creatures
  Sigmund (D:2)
  An adder (D:2)
  3 gnolls (D:2)
  A dart slug (D:1)
  4 ball pythons
  3 bats
  6 endoplasms
  2 giant cockroaches (D:1)
  4 goblins
  4 hobgoblins (D:1)
  2 jackals (D:2)
  A frilled lizard (D:1)
  8 kobolds
  4 rats
44 creatures vanquished.

Notes
Turn   | Place    | Note
-------+----------+-------------------------------------------
     0 | D:1      | Wiggles the Minotaur Berserker began the quest for the Orb.
     0 | D:1      | Reached XP level 1. HP: 19/19 MP: 0/0
   206 | D:1      | Reached skill level 4 in Axes
   245 | D:1      | Reached XP level 2. HP: 24/27 MP: 1/1
   261 | D:1      | Found a faded altar of an unknown god.
   375 | D:1      | Reached ** piety under Trog
   640 | D:1      | Reached XP level 3. HP: 33/33 MP: 2/2
   748 | D:2      | Reached skill level 5 in Axes
   809 | D:2      | Noticed Sigmund
   819 | D:2      | Killed Sigmund
   820 | D:2      | Reached skill level 7 in Axes
   820 | D:2      | Reached XP level 4. HP: 27/40 MP: 3/3
   820 | D:2      | Reached XP level 5. HP: 31/46 MP: 4/4
   980 | D:2      | Identified the +1 spear of Zin {flame, rElec Will- Int+8}
  1348 | D:2      | HP: 2/46 [poisoned by a gnoll]
  1353 | D:2      | Succumbed to a gnoll's poison

Illustrated notes

Levels and vault maps discovered:
D:1:      shiori_shiawase, layout_basic, basic_ecumenical_altar,
          minmay_hedge_maze
D:2:      layout_loops_ring, serial_co_window_serial,
          co_window_of_opportunity_a, co_window_corner_a,
          co_window_of_opportunity_a, co_window_paths_a, co_window_paths_a,
          co_window_of_opportunity_a, co_window_paths_b,
          co_window_unsneaky_path_d, co_window_of_opportunity_b,
          co_window_2corner, glass_columns_c, glass_columns_c, glass_columns_b,
          grunt_decor_mini_mirrors, uniq_sigmund, uniq_terence

Skill      XL: |  1  2  3 |
---------------+----------+-----
Axes           | 4 7 |  7.7
Fighting       | |  3.8
Throwing       | |  0.7
Armour         | |  2.5
Dodging        | |  2.2

Action                     |  1- 3 |  4- 6 || total
---------------------------+-------+-------++-------
  Melee: Hand axe          |    65 |    32 ||    97
         Headbutt          |     9 |     6 ||    15
         Punch             |     1 |       ||     1
  Throw: Dart              |     1 |     2 ||     3
    Use: Potion            |       |     4 ||     4
 Armour: Chain mail        |    36 |    20 ||    56
         Animal skin       |     1 |       ||     1
  Dodge: Dodged            |    19 |    12 ||    31
